 Dungeon Crawl Stone Soup version 0.31.0-11-ge490571c62 (webtiles) character file.

Game seed: 12931007368336704446

68 SnakkuSnakku7 the Trooper (level 4, -12/34 HPs)
             Began as a Mummy Alchemist on Jan 26, 2024.
             Mangled by an orc
             ... wielding a +1 heavy flail
              (15 damage)
             ... on level 2 of the Dungeon.
             The game lasted 00:02:13 (2082 turns).

SnakkuSnakku7 the Trooper (Mummy Alchemist)         Turns: 2082, Time: 00:02:13

Health: -12/34     AC:  4    Str: 13    XL:     4   Next: 1%
Magic:  8/8        EV: 12    Int: 14    God:
Gold:   42         SH:  0    Dex: 12    Spells: 7/8 levels left

rFire   x . .        a - +0 mace
rCold   + . .        (no shield)
rNeg    + + +        g - +0 robe
rPois   ∞            (no helmet)
rElec   .            h - +0 cloak
rCorr   .            c - +0 pair of gloves
SInv    .            (no boots)
Will    .....        (no amulet)
Stlth   ++           (no ring)
HPRegen 0.25/turn    (no ring)
MPRegen 0.11/turn

%: faith
@: no status effects
A: cold resistance 1, negative energy resistance 3, torment resistance 2, heat
vulnerability 1, in touch with death 1, no potions, faith
a: no special abilities


You were on level 2 of the Dungeon.
You visited 1 branch of the dungeon, and saw 3 of its levels.

You collected 42 gold pieces.

Inventory:

Hand Weapons
 a - a +0 mace (weapon)
 b - a +0 whip
Armour
 c - a +0 pair of gloves (worn)
 g - a +0 robe (worn)
 h - a +0 cloak (worn)
Scrolls
 d - a scroll of identify {unknown}
 e - a scroll of teleportation {unknown}
 f - a scroll of poison {unknown}
 i - 2 scrolls of fog {unknown}
 j - a scroll of blinking {unknown}
 k - a scroll of enchant weapon {unknown}


   Skills:
 - Level 2.8 Fighting
 + Level 1.6 Maces & Flails
 - Level 1.5 Dodging
 - Level 1.5 Stealth
 - Level 2.6 Spellcasting
 - Level 0.7 Conjurations
 - Level 2.4 Alchemy


You had 7 spell levels left.
You knew the following spells:

 Your Spells              Type           Power      Damage    Failure   Level
a - Sting                 Conj/Alch      24%        1d4       12%         1

Your spell library contained the following spells:

 Spells                   Type           Power      Damage    Failure   Level
 Mercury Vapours          Alch/Air       10%        N/A       21%         2
 Mephitic Cloud           Conj/Alch/Air  4%         N/A       41%         3
 Olgreb's Toxic Radiance  Alch           8%         N/A       63%         4
 Sticky Flame             Fire/Alch      5%         2d4       80%         4


Dungeon Overview and Level Annotations

Branches:
Dungeon (3/15)

Altars:


Innate Abilities, Weirdness & Mutations

You are immune to poison.
Your flesh is cold resistant. (rC+)
You are immune to negative energy. (rN+++)
You are immune to unholy pain and torment.
You are vulnerable to heat. (rF-)
You are in touch with the powers of death.
You do not drink.
You have a special connection with the divine. (Faith)


Message History

The rat bites you but does no damage. The hobgoblin hits you.
The adder bites you.
You hit the hobgoblin.
You kill the hobgoblin!
The rat bites you. The adder completely misses you.
The rat bites you but does no damage. The adder bites you but does no damage.
You sock the adder! Your punch misses the adder.
The adder is severely wounded.
The adder barely misses you. x2
You hit the adder.
You kill the adder!
You have reached level 4!
You hit the rat.
You kill the rat!
There is a stone staircase leading down here.
You start resting.
HP restored.
You climb downwards.
The orc hits you but does no damage. The orc barely misses you.
There is a stone staircase leading up here.
Unknown command.
Unknown command.
The orc closely misses you. The orc hits you with a +1 heavy flail!
You climb upwards.
There is a stone staircase leading down here.
Unknown command.
You hit the orc.
The orc is moderately wounded.
The orc hits you with a +0 falchion. x2
You hit the orc.
The orc is heavily wounded.
The orc hits you with a +1 heavy flail. The orc hits you with a +0 falchion.
* * * LOW HITPOINT WARNING * * *
You closely miss the orc.
The orc is heavily wounded.
The orc hits you with a +0 falchion.
* * * LOW HITPOINT WARNING * * *
The orc hits you with a +1 heavy flail!
You die...

# #.# #~~~# #.# #.# # #.# ##~.#
#.# #.# ####### #~.###.#
#.####### ...##≈# ##.....#
#....<..# #####≈# #####.#
#######.# ####≈≈## #.# #.#
#...≈≈.# #.# #.#
..#.≈≈.##############.## #.#
.#..~≈~##......o@o##.#.## #.#
..~.~~...÷#######†#.###.## #.#
....~≈......# ##..## ##.######.#
...~~.~~###.# #..## ##.......#
..~~~.~.# #.# #...## ##.########
.~.~~≈~.###.####..#.###.#########
...~≈~~.##...........#..........<
....~~~~....####.####.###########
..~~~~~.#...# #.# ###


You could see 2 orcs.

Vanquished Creatures
  3 adders (D:2)
  2 dart slugs
  3 bats
  3 endoplasms
  A giant cockroach (D:1)
  4 goblins
  3 hobgoblins (D:2)
  6 kobolds
  2 quokkas
  A ball python (D:2)
  3 frilled lizards (D:1)
  6 rats
37 creatures vanquished.

Notes
Turn   | Place    | Note
-------+----------+-------------------------------------------
     0 | D:1      | SnakkuSnakku7 the Mummy Alchemist began the quest for the
                  | Orb.
     0 | D:1      | Reached XP level 1. HP: 13/13 MP: 4/4
   110 | D:1      | Reached skill level 1 in Fighting
   190 | D:1      | Reached XP level 2. HP: 22/22 MP: 5/5
   637 | D:1      | Found a faded altar of an unknown god.
   993 | D:2      | Reached XP level 3. HP: 26/28 MP: 7/7
  1729 | D:2      | Reached skill level 1 in Maces & Flails
  2000 | D:2      | Reached XP level 4. HP: 15/34 MP: 8/8
  2082 | D:2      | Mangled by an orc

Illustrated notes

Levels and vault maps discovered:
D:1:      dpeg_arrival_castle, layout_basic, shapermc_ecumenical_altar_acropolis
D:2:      layout_loops_ring, serial_rivers, chequers_serial_rivers_large_b,
          chequers_serial_rivers_small_b, chequers_serial_rivers_small_3,
          chequers_serial_rivers_small_3, chequers_serial_rivers_micro_a,
          item_on_display_a
D:3:      layout_rooms, mainiacjoe_overflow_brackets, lemuel_tele_altar

Skill      XL: |  1  2  3 |
---------------+----------+-----
Fighting       | 1 2 |  2.8
Maces & Flails | 1 |  1.6
Dodging        | |  1.5
Stealth        | |  1.5
Spellcasting   | |  2.6
Conjurations   | |  0.7
Alchemy        | |  2.4

Action                     |  1- 3 |  4- 6 || total
---------------------------+-------+-------++-------
  Melee: Whip              |    82 |       ||    82
         Punch             |     2 |       ||     2
         Mace              |    62 |     4 ||    66
   Cast: Sting             |    12 |       ||    12
   Stab: Sleeping          |     3 |       ||     3
 Armour: Robe              |   131 |     8 ||   139
  Dodge: Dodged            |   142 |     2 ||   144
